 Dungeon Sprint DCSS version 0.29.1-12-g30fa7ad0bf (webtiles) character file.

Game seed: 4381818069696557774

7382 Groucho the Unseen (level 10, -7/56 HPs)
             Began as a Spriggan Enchanter on Dec 27, 2022.
             Was an Elder of Dithmenos.
             Shot with an arrow by a deep elf master archer (30 damage)
             ... in the Dungeon (Sprint II: "The Violet Keep of Menkaure").
             The game lasted 00:07:16 (2081 turns).

Groucho the Unseen (Spriggan Enchanter)             Turns: 2081, Time: 00:07:16

Health: -7/56      AC:  2    Str:  6    XL:     10   Next: 92%
Magic:  24/26      EV: 26    Int: 16    God:    Dithmenos [****..]
Gold:   561        SH:  0    Dex: 17    Spells: 26/37 levels left

rFire   + . .      SeeInvis +   a - +1 dagger
rCold   . . .      Faith    .   (no shield)
rNeg    . . .      Spirit   .   b - +0 robe
rPois   .          Reflect  .   (helmet restricted)
rElec   .          Harm     .   (no cloak)
rCorr   .          Rampage  .   (gloves unavailable)
Will    +....      NoTele   +   (boots unavailable)
Stlth   ++++++++++              (no amulet)
HPRegen 0.18/turn               j - ring of flight
MPRegen 0.20/turn               k - ring of protection from fire

@: flying, wreathed by umbra, very quick
A: very small, no large weapons, unfitting armour, see invisible, speed 3, low
MP 1, screaming 1, weak 1
a: Renounce Religion, Shadow Step


You were in the Dungeon.
You worshipped Dithmenos.
Dithmenos was greatly pleased with you.
You visited 1 branch You collected 1306 gold pieces.
You spent 745 gold pieces at shops.

Inventory:

Hand Weapons
 a - a +1 dagger (weapon)
 e - a +2 rapier of freezing
 f - a +0 dagger of freezing
Armour
 b - a +0 robe (worn)
Jewellery
 j - a ring of flight (left hand)
 k - a ring of protection from fire (right hand)
Scrolls
 i - a scroll of blinking
Potions
 c - 3 potions of flight {unknown}
 d - 2 potions of curing
 g - 2 potions of magic
 h - a potion of berserk rage


   Skills:
 + Level 8.3 Fighting
 - Level 14.0 Short Blades
 + Level 13.1 Dodging
 - Level 16.0 Stealth
 - Level 14.0 Spellcasting
 - Level 14.0 Hexes


You had 26 spell levels left.
You knew the following spells:

 Your Spells              Type           Power      Damage    Failure   Level
a - Ensorcelled Hibernat  Hex/Ice        66%        N/A       1%          2
b - Confusing Touch       Hex            54%        N/A       1%          3
c - Dazzling Flash        Conj/Hex       66%        N/A       1%          3
d - Tukima's Dance        Hex            54%        N/A       1%          3

Your spell library contained the following spells:

 Spells                   Type           Power      Damage    Failure   Level
 Slow                     Hex            100%       N/A       1%          1
 Yara's Violent Unravell  Hex/Tmut       16%        3d8       10%         5
 Vampiric Draining        Necr           11%        2d6       19%         3
 Passage of Golubria      Tloc           11%        N/A       52%         4


Dungeon Overview and Level Annotations

Branches:
Dungeon (1/1)

Altars:
Cheibriados
Dithmenos
Elyvilon
Fedhas
Gozag
Hepliaklqana
Kikubaaqudgha
Makhleb
Nemelex Xobeh
Okawaru
Qazlal
Ru
Sif Muna
Trog
Uskayaw
Vehumet
Wu Jian
Xom
Yredelemnul
Zin
The Shining One
Jiyva
Lugonu

Shops:
D !!:(([(*?:=?[=!

Annotations:
D exclusion: oklob plant, Roxanne


Innate Abilities, Weirdness & Mutations

You are very small and have problems with some larger weapons.
You are too small for most types of armour.
You have supernaturally acute eyesight. (SInv)
You cover ground extremely quickly. (Speed+++)
Your magical capacity is low. (-10% MP)
You occasionally shout uncontrollably at your foes.
You are weak. (Str -2)


Message History

The arrow completely misses you.
Unknown command.
You start resting.
Magic restored.
You start resting.
You start resting.
You start resting.
HP restored.
You start waiting.
You start waiting.
The deep elf master archer shouts!
The deep elf master archer shoots an arrow.
The arrow hits you!!!
Ouch! That really hurt!
You emit a cloud of dark smoke.
The arrow burns you.
* * * LOW HITPOINT WARNING * * *
You start resting.
You can no longer transform into a swirling mass of shadows.
You start resting.
You start resting.
You start resting.
HP restored.
You start waiting.
You start waiting.
Done waiting.
Casting: Ensorcelled Hibernation (safe; 1% risk of failure)
Confirm with . or Enter, or press ? or * to list all spells.
Aiming: Ensorcelled Hibernation (safe; 1% risk of failure)
Press: ? - help, Shift-Dir - straight line, f/p - deep elf master archer
Aim: a deep elf master archer, wielding a +1 longbow of flaming and wearing a +0 leather armour (wandering, hasn't noticed you, umbra, chance to affect: 6%)
The deep elf master archer shouts!
The deep elf master archer resists with almost no effort.
The deep elf master archer shoots an arrow.
The arrow hits you!!
Ouch! That really hurt!
You emit a cloud of dark smoke.
The arrow burns you.
The deep elf master archer shoots an arrow.
The arrow hits you!!
Ouch! That really hurt!
You die...

##§§§~~ '.§§§~8 ##++##
#§§.§~ ##≈...### ~##~.~.
#e§.§.§.### ~~#§''#''
####.@..#.## ~~.......§
#..'§§§.#.†#
~~~.##+##..#..####.#††#
~~~##.#.##.####..'.##.#
~~~#~.#..#....#.÷#...####
~####.#.####..#####..##.#
##.###'###.##..#..'..#.)#


[!)) #.#.##.##...#..#).#..#†÷#▓)?$[? '.##'.<.'.#.'..####..##.#▓!):!?( You could
see a deep elf master archer.

Vanquished Creatures
  A crystal guardian (D)
  2 boulder beetles (D)
  An ice dragon (D)
  2 hell hogs (D)
  2 death drakes (D)
  A merfolk siren (D)
  A yaktaur (D)
  3 polar bears (D)
  A hornet (D)
  4 neqoxecs (D)
  A vampire mosquito (D)
  2 water moccasins (D)
  3 black bears (D)
  2 swamp drakes (D)
  3 worms (D)
29 creatures vanquished.

Vanquished Creatures (others)
  Menkaure (D)
1 creature vanquished.

Grand Total: 30 creatures vanquished

Notes
Turn   | Place    | Note
-------+----------+-------------------------------------------
     0 | D        | Groucho the Spriggan Enchanter began the quest for the Orb.
     0 | D        | Reached XP level 1. HP: 9/9 MP: 5/5
     3 | D        | Noticed a neqoxec
    12 | D        | Noticed a merfolk siren
    15 | D        | Noticed a boulder beetle
    15 | D        | Noticed a boulder beetle
    24 | D        | Reached skill level 5 in Stealth
    33 | D        | Noticed an obsidian statue
    37 | D        | Reached skill level 6 in Stealth
    37 | D        | Reached XP level 2. HP: 13/13 MP: 5/7
    44 | D        | Learned a level 2 spell: Ensorcelled Hibernation
    52 | D        | Noticed a neqoxec
    52 | D        | Noticed a neqoxec
    53 | D        | Found Cyqen's Antique Armour Shoppe.
    53 | D        | Found Town's Jewellery Shoppe.
    53 | D        | Found Lastrit's Magic Scroll Emporium.
    53 | D        | Found Istre's Book Shoppe.
    53 | D        | Found Varhumuc's Jewellery Shoppe.
    55 | D        | Killed a neqoxec
    56 | D        | Reached skill level 10 in Stealth
    56 | D        | Reached XP level 3. HP: 16/16 MP: 5/11
    56 | D        | Reached XP level 4. HP: 21/21 MP: 5/13
    56 | D        | Reached XP level 5. HP: 24/24 MP: 5/14
    57 | D        | Killed a neqoxec
    58 | D        | Reached skill level 13 in Stealth
    58 | D        | Reached XP level 6. HP: 28/28 MP: 6/17
    70 | D        | Killed a merfolk siren
    71 | D        | Reached skill level 15 in Stealth
    71 | D        | Reached XP level 7. HP: 32/32 MP: 7/20
    77 | D        | Killed a boulder beetle
    78 | D        | Reached skill level 16 in Stealth
    78 | D        | Reached skill level 10 in Spellcasting
    78 | D        | Reached XP level 8. HP: 36/36 MP: 7/23
    84 | D        | Killed a boulder beetle
    85 | D        | Reached skill level 10 in Short Blades
   110 | D        | Found Pinn's Magic Scroll Shoppe.
   110 | D        | Found Gucujoji's General Store.
   333 | D        | Reached XP level 9. HP: 38/39 MP: 21/26
   334 | D        | Found Hejait's Antique Weapon Shoppe.
   334 | D        | Found Ratwed's Antique Armour Emporium.
   335 | D        | Found Xeju Jatush's Distillery.
   345 | D        | Found Meetuk's Antique Weapon Shoppe.
   345 | D        | Found Gysa's Weapon Emporium.
   345 | D        | Noticed an oklob plant
   346 | D        | Found Kemeovvi's Distillery.
   346 | D        | Found Vaeblidiott's Distillery.
   346 | D        | Found Baenicid's Book Shoppe.
   351 | D        | Noticed a death yak
   352 | D        | Gained mutation: You are weak. (Str -2) [a neqoxec]
   355 | D        | Gained mutation: Your magical capacity is low. (-10% MP) [a
                  | neqoxec]
   357 | D        | Gained mutation: You occasionally shout uncontrollably at
                  | your foes. [a neqoxec]
   385 | D        | Noticed a shining eye
   389 | D        | Noticed a shining eye
   393 | D        | Noticed a shining eye
   405 | D        | Bought a glowing rapier for 133 gold pieces
   405 | D        | Bought a glowing dagger for 95 gold pieces
   417 | D        | Bought a ring of flight for 192 gold pieces
   421 | D        | Bought a ring of protection from fire for 325 gold pieces
   446 | D        | Found an iron altar of Okawaru.
   446 | D        | Found an opulent altar of Gozag.
   462 | D        | Noticed Menkaure
   464 | D        | Found a sparkling altar of Nemelex Xobeh.
   464 | D        | Found a blossoming altar of Fedhas.
   475 | D        | Learned a level 3 spell: Confusing Touch
   479 | D        | Learned a level 3 spell: Dazzling Flash
   483 | D        | Learned a level 3 spell: Tukima's Dance
   490 | D        | Killed Menkaure
   518 | D        | Found a radiant altar of Vehumet.
   518 | D        | Found a burning altar of Makhleb.
   518 | D        | Found a white marble altar of Elyvilon.
   519 | D        | Found a hide-covered altar of Uskayaw.
   519 | D        | Found a corrupted altar of Lugonu.
   519 | D        | Found a shadowy altar of Dithmenos.
   520 | D        | Found a glowing silver altar of Zin.
   520 | D        | Found a bloodstained altar of Trog.
   520 | D        | Found an ancient bone altar of Kikubaaqudgha.
   521 | D        | Found a basalt altar of Yredelemnul.
   521 | D        | Found a shimmering blue altar of Sif Muna.
   521 | D        | Found a viscous altar of Jiyva.
   522 | D        | Found a shimmering altar of Xom.
   522 | D        | Found a sacrificial altar of Ru.
   523 | D        | Found a glowing golden altar of the Shining One.
   523 | D        | Found an ornate altar of the Wu Jian Council.
   525 | D        | Found a stormy altar of Qazlal.
   525 | D        | Noticed a polar bear
   526 | D        | Found a snail-covered altar of Cheibriados.
   526 | D        | Found a hazy altar of Hepliaklqana.
   527 | D        | Noticed a yaktaur
   533 | D        | Became a worshipper of Dithmenos the Shadowed
   543 | D        | Noticed a polar bear
   543 | D        | Noticed a polar bear
   544 | D        | Killed a polar bear
   545 | D        | Reached skill level 1 in Fighting
   545 | D        | Killed a polar bear
   547 | D        | Reached * piety under Dithmenos
   548 | D        | Reached skill level 5 in Dodging
   553 | D        | Killed a yaktaur
   562 | D        | Killed a polar bear
   574 | D        | Noticed a hell hog
   574 | D        | Noticed a hell hog
   576 | D        | Killed a hell hog
   576 | D        | Reached ** piety under Dithmenos
   578 | D        | Killed a hell hog
   579 | D        | Reached skill level 5 in Fighting
   579 | D        | Reached XP level 10. HP: 41/52 MP: 24/26
   588 | D        | Reached *** piety under Dithmenos
   591 | D        | Reached skill level 10 in Dodging
   597 | D        | Noticed a deep elf master archer
   599 | D        | Noticed an ice dragon
   601 | D        | Killed an ice dragon
   955 | D        | Noticed a death drake
   956 | D        | Noticed a death drake
   956 | D        | Noticed a crystal guardian
   960 | D        | Killed a crystal guardian
   960 | D        | Reached **** piety under Dithmenos
   961 | D        | Killed a death drake
   963 | D        | Killed a death drake
  1025 | D        | Reached ***** piety under Dithmenos
  1048 | D        | Identified Roxanne's Atlas of Spelunking
  1048 | D        | Noticed Roxanne
  2081 | D        | Shot with an arrow by a deep elf master archer

Illustrated notes

Levels and vault maps discovered:
D:        the_violet_keep_of_menkaure [sprint2_stairs_cluster_1,
          sprint2_shoproom, sprint2_temple, sprint2_basic_supplies,
          sprint2_obstacle_3, sprint2_obstacle_5, sprint2_obstacle_6,
          sprint2_obstacle_1, sprint2_obstacle_2, sprint2_timed_cluster_1,
          sprint2_smallroom_cluster_1, sprint2_smallroom_final_cluster_1,
          sprint2_transparent_cluster_1, sprint2_second_timed_cluster_1,
          sprint2_sniper_area_1, sprint2_heavy_combat_area_1,
          sprint2_mutation_trap_area_1, sprint2_forest_area_1,
          sprint2_light_combat_area_1, sprint2_behind_water_1,
          sprint2_near_end_vault_1]

Skill      XL: |  1  2  3  4  5  6  7  8  9 10 |
---------------+-------------------------------+-----
Stealth        | 6 10 13 15 16 | 16.0
Spellcasting   | 3 6 7 8 10 12 14 | 14.0
Hexes          | 4 6 7 9 11 13 14 | 14.0
Short Blades   | 2 4 6 7 9 10 12 14 | 14.0
Fighting       | 5 8 |  8.3
Dodging        | 9 13 | 13.1

Action                   |  1- 3 |  4- 6 |  7- 9 | 10-12 || total
-------------------------+-------+-------+-------+-------++-------
Melee: Dagger            |     7 |     2 |    23 |    11 ||    43
 Cast: Ensorcelled Hiber |       |       |    17 |     4 ||    21
       Confusing Touch   |       |       |     2 |       ||     2
  Use: Potion            |     2 |       |     2 |       ||     4
 Stab: Sleeping          |     3 |     2 |    10 |    11 ||    26
       Invisible         |     3 |       |     1 |       ||     4
       Confused          |       |       |     2 |       ||     2
Armor: Robe              |       |       |     1 |       ||     1
Dodge: Dodged            |     2 |       |    28 |     3 ||    33
